Map: [ESL] Royal Blood

Players

Nice - Winner!

  • Race: Protoss Protoss
  • Spawn Location: 7:00

SCV

  • Race: Protoss Protoss
  • Spawn Location: 1:00

Event: ESL SC2 Masters 2023 Summer (Regionals)

VOD

Have the link to the VOD?

Description

Time

  • Played on: May 14, 2023, 7:23 a.m.
  • Length: 15:45

All games in this series

Show
View Real Time Build Order
Export as new Build Order

Nice Protoss - Winner!

Build Orders:  

Get SALT Encoding   

  12  0:00  Probe  
  13  0:12  Probe  
  14  0:17  Pylon  
  14  0:24  Probe (Chrono Boost)  
  16  0:37  Probe (Chrono Boost)  
  16  0:38  Gateway  
  16  0:42  Probe (Chrono Boost)  
  16  0:46  Assimilator  
  17  0:51  Probe (Chrono Boost)  
  17  0:54  Assimilator  
  18  1:03  Probe (Chrono Boost)  
  19  1:10  Gateway  
  19  1:13  Probe (Chrono Boost)  
  19  1:18  Probe  
  21  1:30  Probe, Cybernetics Core  
  22  1:39  Pylon  
  22  1:42  Probe  
  23  1:57  Probe  
  24  2:04  Warp Gate (Chrono Boost)  
  24  2:06  Stalker x2  
  28  2:15  Pylon  
  28  2:17  Pylon  
  28  2:36  Stalker x2  
  32  2:46  Probe  
  33  2:58  Probe  
  33  3:06  Stalker x2  
  33  3:10  Probe  
  38  3:20  Nexus  
  38  3:30  Probe, Pylon  
  39  3:46  Twilight Council  
  39  3:48  Probe  
  40  4:00  Probe (Chrono Boost)  
  41  4:13  Probe (Chrono Boost)  
  42  4:17  Blink (Chrono Boost)  
  42  4:18  Probe (Chrono Boost), Robotics Facility  
  42  4:23  Stalker, Sentry  
  47  4:31  Probe  
  47  4:32  Probe  
  47  4:36  Dark Shrine  
  49  4:44  Probe x2  
  51  4:46  Stalker  
  53  4:56  Probe x2  
  55  5:07  Nexus  
  55  5:08  Probe  
  55  5:09  Observer  
  55  5:12  Pylon  
  57  5:14  Probe  
  57  5:20  Probe  
  59  5:22  Stalker  
  59  5:26  Probe  
  59  5:27  Assimilator  
  62  5:30  Pylon  
  62  5:32  Shield Battery  
  62  5:33  Observer  
  63  5:36  Probe  
  63  5:39  Probe  
  65  5:48  Probe  
  66  5:50  Dark Templar  
  66  5:51  Probe  
  66  5:53  Stalker  
  66  5:55  Assimilator  
  71  6:00  Probe, Forge  
  71  6:04  Probe  
  73  6:07  Pylon  
  73  6:12  Probe, Charge  
  73  6:16  Probe  
  75  6:25  Probe  
  76  6:27  Stalker x2  
  76  6:28  Probe x2  
  76  6:30  Protoss Ground Weapons Level 1 (Chrono Boost)  
  82  6:37  Probe  
  83  6:40  Probe x2  
  83  6:41  Observer (Chrono Boost)  
  84  6:49  Probe  
  84  6:52  Probe  
  84  6:54  Probe  
  86  6:58  Gateway x2, Stalker  
  86  6:59  Stalker  
  86  7:01  Gateway  
  90  7:05  Immortal (Chrono Boost), Gateway  
  94  7:20  Gateway  
  94  7:23  Probe (Chrono Boost), Gateway  
  94  7:26  Sentry x2  
  99  7:34  Warp Prism (Chrono Boost)  
  99  7:35  Photon Cannon  
  99  7:36  Pylon  
  99  7:41  Nexus  
  101  7:53  Pylon  
  101  7:54  Dark Templar  
  101  7:55  Dark Templar  
  101  7:57  Pylon  
  105  7:59  Stalker x2  
  105  8:05  Pylon  
  109  8:07  Photon Cannon  
  109  8:11  Probe x3, Shield Battery  
  108  8:22  Protoss Ground Weapons Level 2 (Chrono Boost)  
  108  8:23  Probe x3  
  111  8:32  Stalker  
  111  8:33  Stalker x3  
  119  8:35  Probe x3  
  119  8:36  Shield Battery  
  122  8:42  Pylon  
  122  8:43  Shield Battery  
  122  8:47  Probe  
  123  8:54  Zealot x3, Dark Templar  
  131  8:57  Probe x3  
  131  8:59  Photon Cannon  
  134  9:05  Shadow Stride (Chrono Boost)  
  134  9:23  Zealot x7  
  146  9:28  Probe x2  
  146  9:31  Probe  
  145  9:41  Gateway x2  
  145  9:44  Gateway  
  141  9:47  Gateway  
  137  9:54  Pylon  
  137  9:56  Stalker x7  
  137  9:57  Stalker  
  147  10:03  Forge  
  147  10:04  Pylon  
  147  10:05  Pylon  
  147  10:09  Nexus, Robotics Bay  
  147  10:11  Probe x4  
  151  10:15  Photon Cannon  
  151  10:19  Shield Battery  
  151  10:26  Protoss Ground Weapons Level 3 (Chrono Boost)  
  151  10:34  Probe x3, Photon Cannon  
  154  10:35  Protoss Ground Armor Level 1 (Chrono Boost)  
  154  10:36  Pylon  
  154  10:37  Stalker x3  
  154  10:39  Observer  
  154  10:42  Stalker x2  
  164  10:49  Probe x3  
  167  10:50  Probe  
  167  10:53  Pylon  
  167  10:55  Stalker x3  
  167  10:57  Stalker  
  176  11:18  Stalker x2  
  176  11:19  Stalker x3  
  176  11:20  Zealot x5  
  194  11:34  Pylon  
  194  11:36  Nexus  
  194  11:39  Pylon  
  194  11:41  Assimilator  
  194  11:42  Gravitic Boosters (Chrono Boost), Photon Cannon  
  194  11:51  Gateway  
  194  11:52  Probe x3  
  194  11:53  Probe x2, Robotics Facility  
  199  11:55  Robotics Facility, Photon Cannon  
  199  11:56  Shield Battery  
  199  11:57  Pylon  
  199  12:00  Assimilator  
  195  12:09  Pylon  
  195  12:18  Protoss Ground Armor Level 2 (Chrono Boost)  
  191  12:24  Disruptor (Chrono Boost)  
  191  12:26  Pylon  
  190  12:40  Robotics Facility  
  190  12:42  Zealot x9  
  200  12:55  Protoss Shields Level 1 (Chrono Boost)  
  200  13:11  Pylon  
  176  13:13  Nexus, Disruptor x3  
  176  13:15  Pylon  
  176  13:19  Zealot x4  
  179  13:20  Zealot x9  
  184  13:44  Pylon  
  184  13:46  Disruptor (Chrono Boost)  
  184  13:47  Stargate  
  181  13:54  Photon Cannon  
  185  13:55  Disruptor (Chrono Boost)  
  185  13:56  Photon Cannon  
  185  13:57  Photon Cannon  
  185  13:58  Photon Cannon  
  185  13:59  Photon Cannon  
  185  14:01  Photon Cannon x2  
  185  14:02  Shield Battery x2  
  188  14:03  Disruptor (Chrono Boost), Pylon, Shield Battery  
  188  14:05  Pylon  
  188  14:06  Photon Cannon  
  188  14:09  Photon Cannon  
  187  14:11  Shield Battery  
  187  14:12  Stalker  
  187  14:13  Stalker  
  187  14:14  Zealot x3, Stalker  
  199  14:23  Observer  
  190  14:34  Disruptor  
  190  14:38  Disruptor  
  181  14:42  Stalker x2  
  181  14:43  Zealot x8  
  196  14:46  Nexus  
  196  14:52  Disruptor  
  178  14:53  Stalker  
  178  14:54  Zealot x2  
  184  15:07  Zealot x8  
  198  15:20  Nexus  
  198  15:21  Pylon  
  197  15:24  Assimilator  
  197  15:26  Assimilator  
  168  15:29  Pylon  
  168  15:30  Zealot x7  
  161  15:38  Zealot x6  
Show
View Real Time Build Order
Export as new Build Order

SCV Protoss 

Build Orders: Phoenix Opening 

Get SALT Encoding   

  12  0:00  Probe  
  13  0:12  Probe  
  14  0:17  Pylon  
  14  0:24  Probe (Chrono Boost)  
  16  0:37  Probe (Chrono Boost)  
  16  0:38  Gateway  
  16  0:43  Probe (Chrono Boost)  
  16  0:46  Assimilator  
  17  0:51  Probe  
  17  0:55  Assimilator  
  18  1:03  Probe (Chrono Boost)  
  19  1:08  Gateway  
  19  1:15  Probe (Chrono Boost)  
  20  1:22  Probe (Chrono Boost)  
  20  1:25  Cybernetics Core  
  21  1:29  Probe  
  22  1:35  Pylon  
  22  1:41  Probe  
  23  1:54  Probe  
  24  2:02  Adept, Warp Gate (Chrono Boost), Stalker  
  28  2:10  Pylon  
  28  2:12  Probe  
  29  2:25  Pylon  
  29  2:33  Stalker, Sentry  
  33  2:54  Nexus  
  33  3:01  Shield Battery  
  33  3:04  Sentry  
  35  3:06  Phoenix, Probe  
  36  3:15  Pylon  
  36  3:23  Twilight Council  
  36  3:25  Probe  
  37  3:37  Probe  
  38  3:45  Stalker x2  
  42  3:49  Probe  
  43  4:08  Stalker x2  
  47  4:11  Probe (Chrono Boost)  
  47  4:12  Blink (Chrono Boost)  
  47  4:16  Probe (Chrono Boost)  
  48  4:28  Probe (Chrono Boost)  
  48  4:29  Probe (Chrono Boost)  
  49  4:33  Probe (Chrono Boost)  
  49  4:35  Probe (Chrono Boost)  
  49  4:36  Dark Shrine  
  51  4:43  Probe  
  52  4:47  Probe  
  52  4:55  Probe  
  52  4:58  Stalker x2, Assimilator  
  52  4:59  Probe  
  58  5:02  Pylon  
  58  5:07  Probe  
  58  5:11  Probe  
  60  5:18  Pylon  
  60  5:19  Probe  
  61  5:23  Probe  
  61  5:26  Nexus  
  62  5:31  Probe  
  63  5:35  Probe  
  63  5:36  Immortal  
  63  5:37  Robotics Facility  
  64  5:43  Probe  
  64  5:44  Stalker x2  
  64  5:47  Probe  
  64  5:49  Pylon  
  70  5:55  Probe  
  71  6:00  Probe  
  71  6:01  Pylon  
  71  6:03  Gateway  
  72  6:04  Gateway  
  72  6:07  Pylon  
  72  6:11  Shield Battery  
  72  6:23  Stalker x2  
  75  6:26  Observer (Chrono Boost)  
  74  6:35  Probe x2  
  74  6:38  Pylon  
  74  6:47  Probe  
  74  6:51  Probe x2  
  77  6:55  Stalker x2  
  77  6:58  Immortal (Chrono Boost)  
  77  6:59  Probe  
  86  7:05  Probe (Chrono Boost), Forge  
  86  7:06  Probe (Chrono Boost)  
  88  7:10  Stalker  
  91  7:17  Probe (Chrono Boost), Pylon  
  91  7:19  Probe (Chrono Boost)  
  91  7:21  Probe (Chrono Boost)  
  91  7:22  Charge  
  93  7:29  Observer (Chrono Boost)  
  94  7:30  Gateway  
  94  7:31  Phoenix, Gateway  
  94  7:32  Protoss Ground Weapons Level 1 (Chrono Boost)  
  94  7:34  Gateway  
  94  7:37  Gateway  
  94  7:45  Photon Cannon  
  94  7:49  Photon Cannon  
  94  7:54  Stalker x4  
  102  8:02  Pylon  
  95  8:23  Stalker x5  
  105  8:30  Photon Cannon  
  105  8:34  Assimilator  
  105  8:36  Stalker x3  
  105  8:37  Assimilator  
  111  8:42  Nexus  
  111  8:44  Pylon  
  111  8:49  Observer  
  111  8:51  Templar Archives  
  111  8:56  Probe  
  111  8:57  Probe x2  
  114  9:05  Photon Cannon  
  114  9:08  Zealot x5, Shield Battery  
  124  9:15  Zealot x3  
  106  9:40  Stalker x4  
  106  9:44  Probe x2  
  116  9:51  Pylon x2  
  116  9:55  Pylon  
  114  10:03  Probe x3  
  114  10:04  Pylon  
  114  10:05  Pylon  
  114  10:06  Robotics Bay  
  117  10:09  Immortal  
  121  10:15  Probe, Pylon  
  122  10:28  Forge  
  122  10:31  Shield Battery  
  122  10:32  Assimilator  
  122  10:33  Probe x3  
  122  10:34  Robotics Facility  
  125  10:39  Stalker x2  
  125  10:40  Stalker x2  
  133  10:47  Stalker x4  
  141  10:50  Disruptor (Chrono Boost), Shield Battery  
  141  10:55  Protoss Ground Weapons Level 2 (Chrono Boost)  
  144  11:07  Stalker x3  
  147  11:17  Pylon  
  147  11:18  Stalker x3  
  147  11:22  Disruptor (Chrono Boost)  
  156  11:26  Disruptor (Chrono Boost)  
  155  11:38  Pylon  
  155  11:41  Stalker x4  
  163  11:56  Observer (Chrono Boost)  
  163  11:57  Pylon  
  163  11:58  Disruptor (Chrono Boost)  
  167  12:10  Pylon  
  167  12:11  Zealot x2  
  167  12:13  Disruptor  
  174  12:22  Stalker x6  
  180  12:31  Photon Cannon  
  180  12:33  Disruptor  
  181  12:46  Nexus, Shield Battery  
  181  12:50  Observer  
  182  12:52  Gravitic Boosters, Protoss Ground Weapons Level 3 (Chrono Boost)  
  182  13:01  Zealot  
  182  13:04  Probe  
  173  13:17  Stalker x4  
  173  13:18  Stalker x3  
  180  13:41  Observer  
  180  13:42  Observer  
  180  13:47  Nexus  
  180  13:48  Pylon  
  180  13:50  Pylon  
  180  13:53  Stalker x4  
  188  14:04  Pylon  
  188  14:08  Disruptor x2  
  192  14:18  Stalker x3  
  192  14:23  Pylon  
  187  14:27  Pylon  
  171  14:39  Zealot x5  
  160  15:16  Stalker x5  
Tags
 
Add a new tag
Caveats
  • Supply blocks, unpowered buildings, or Contaminate may cause inaccurate times.
  • Supply counts are checked every 10 seconds.